 Dungeon Crawl Stone Soup version 0.21-a0-279-g6037ffb (webtiles) character file.

269390 Gorice the Phalangite (level 20, -2/180 HPs)
             Began as a Gnoll Berserker on Sept 21, 2017.
             Was a High Priest of Trog.
             Slain by a deep troll (12 damage)
             ... led by an ironheart preserver
             ... on level 2 of the Vaults on Sept 23, 2017.
             The game lasted 05:04:02 (64515 turns).

Gorice the Phalangite (Gnoll Berserker)            Turns: 64515, Time: 05:04:03

Health: -2/180     AC: 46    Str:  7    XL:     20   Next: 18%
Magic:  41/41      EV:  4    Int:  7    God:    Trog [*****.]
Gold:   621        SH:  0    Dex:  7    Spells: 19/19 levels left

rFire    . . .     SeeInvis +   a - +5 bardiche (elec)
rCold    . . .     Gourm    +   (shield currently unavailable)
rNeg     . . .     Faith    .   y - +2 plate armour {MR+}
rPois    .         Spirit   .   U - +2 helmet {SInv}
rElec    .         Reflect  .   D - +2 cloak {MR+}
rCorr    .         Harm     .   E - +2 pair of gloves
MR       +++..                  H - +3 pair of boots of Pleasant Breezes {*Slow MP+9 Int+7 Dex-4}
Stlth    ..........             n - amulet of the gourmand
HPRegen  0.40/turn              P - +5 ring of protection
MPRegen  0.27/turn              p - +2 ring of protection

@: berserk cooldown, slowed, very slow
A: unchanging attributes, fangs 1, strong nose
}: 2/15 runes: serpentine, barnacled
a: Berserk, Trog's Hand, Brothers in Arms, Burn Spellbooks, Renounce Religion


You were on level 2 of the Vaults.
You worshipped Trog.
Trog was extremely pleased with you.
You were very full.

You visited 7 branches of the dungeon, and saw 34 of its levels.
You also visited: Sewer and Volcano.

You collected 3380 gold pieces.
You spent 2759 gold pieces at shops.

Inventory:

Hand Weapons
 a - a +5 bardiche of electrocution (weapon)
   (You found it on level 9 of the Dungeon)
 j - the +0 whip of Doors {flame, +Blink Stlth+}
   (You found it on level 7 of the Dungeon)

   It has been specially enchanted to burn those struck by it, causing extra
   injury to most foes and up to half again as much damage against particularly
   susceptible opponents.
   It lets you blink.
   It makes you more stealthy.
 B - a +0 blowgun
Missiles
 l - 13 poisoned javelins (quivered)
 o - 4 javelins of returning
 v - 8 javelins of penetration
 N - 4 curare-tipped needles
 Y - 2 throwing nets
Armour
 y - a +2 plate armour of magic resistance (worn)
   (You took it off an orc warrior on level 2 of the Orcish Mines)
 D - a +2 cloak of magic resistance (worn)
   (You took it off Maurice on level 12 of the Dungeon)
 E - a +2 pair of gloves (worn)
 H - the +3 pair of boots of Pleasant Breezes (worn) {*Slow MP+9 Int+7 Dex-4}
   (You found it on level 2 of the Snake Pit)

   It affects your intelligence (+7).
   It affects your dexterity (-4).
   It affects your magic capacity (+9).
   It may slow you when you take damage.
 K - the +5 chain mail "Pidghag" {rElec rPois Str-5}
   (You bought it in a shop on level 1 of the Vaults)

   It affects your strength (-5).
   It insulates you from electricity.
   It protects you from poison.
 U - a +2 helmet of see invisible (worn)
   (You bought it in a shop on level 2 of the Shoals)
Jewellery
 m - an uncursed ring of protection from magic
 n - an amulet of the gourmand (around neck)
 p - a +2 ring of protection (right hand)
 C - an uncursed ring of ice
 F - an uncursed ring of fire
 P - a +5 ring of protection (left hand)
Wands
 g - a wand of acid (3/15)
 r - a wand of iceblast (7/15)
 s - a wand of paralysis (12/24)
 u - a wand of acid (10/15)
 Q - a wand of iceblast (4/15)
 R - a wand of clouds (4/9)
Scrolls
 i - 2 scrolls of fog
 q - 2 scrolls of magic mapping {!r}
 z - 3 scrolls of silence {!r}
 J - 3 scrolls of identify
 M - 11 scrolls of remove curse
 O - 2 scrolls of fear {!r}
 V - 8 scrolls of teleportation {!r}
Potions
 b - a potion of resistance {!q}
 d - a potion of haste {!q}
 e - a potion of agility {!q}
 f - 3 potions of heal wounds {!q}
 h - a potion of mutation {!q}
 k - 11 potions of might {!q}
 t - 5 potions of invisibility {!q}
 w - 3 potions of ambrosia
 x - 5 potions of curing
 I - a potion of cancellation {!q}
 T - a potion of berserk rage
Miscellaneous
 A - a phantom mirror
 G - a fan of gales
 L - a lightning rod (4/4) {!a}
 S - a lamp of fire
Comestibles
 c - 13 bread rations {!e}
 X - 3 fruits


   Skills:
 + Level 21.6 Fighting
 - Level 26.0 Polearms
 + Level 8.4 Throwing
 - Level 22.0 Armour
 - Level 2.6 Dodging
 + Level 16.3 Evocations


You had 19 spell levels left.
You didn't know any spells.

Dungeon Overview and Level Annotations

Branches:
Dungeon (15/15)            Temple (1/1) D:6            Lair (6/6) D:11
 Shoals (4/4) Lair:3        Snake (4/4) Lair:4        Slime (0/5) Lair:6
    Orc (2/2) D:12            Elf (0/3) Orc:2        Vaults (2/5) D:13
 Depths (0/5) D:15
  Crypt: Vaults:2-3

Altars:
Ashenzari
Cheibriados
Dithmenos
Elyvilon
Fedhas
Gozag
Hepliaklqana
Kikubaaqudgha
Makhleb
Nemelex Xobeh
Okawaru
Qazlal
Ru
Sif Muna
Trog
Uskayaw
Vehumet
Wu Jian
Xom
Yredelemnul
Zin
The Shining One
Beogh
Jiyva

Shops:
Orc:2 (?}:   Shoals:2 *   Shoals:3 *   Shoals:4 ?   Snake:1 *   Snake:4 :
Vaults:1 [

Annotations:
D:8 Prince Ribbit
Lair:1 vpUX:, exclusion: oklob plant
Lair:2 pUX: Oklobs guarding $, exclusion: oklob plant


Innate Abilities, Weirdness & Mutations

Your physical attributes are unchanging.
You have very sharp teeth.
Your uncanny sense of smell can sniff out nearby items.


Message History

Unknown command.
Unknown command.
Unknown command.
Unknown command.
Unknown command.
Unknown command.
Unknown command.
Really quaff
f - 5 potions of heal wounds {!q}?
You feel much better.
The deep troll bites you but does no damage.
The deep troll claws you!
* * * LOW HITPOINT WARNING * * *
The deep troll claws you but does no damage.
The deep troll bites you but does no damage.
The deep troll claws you but does no damage. x2
The deep troll bites you!
* * * LOW HITPOINT WARNING * * *
The deep troll claws you but does no damage.
The deep troll barely misses you.
The deep troll bites you but does no damage.
The deep troll claws you but does no damage.
The deep troll claws you!
* * * LOW HITPOINT WARNING * * *
The deep troll bites you but does no damage.
The deep troll claws you but does no damage. x2
The deep troll bites you.
* * * LOW HITPOINT WARNING * * *
The deep troll claws you!
* * * LOW HITPOINT WARNING * * *
The deep troll claws you but does no damage.
Damage: 17 (max 22) Unknown command.
Unknown command.
Okay, then.
Unknown command.
Unknown command.
Really quaff
f - 4 potions of heal wounds {!q}?
You feel much better. The deep troll bites you!!
* * * LOW HITPOINT WARNING * * *
The deep troll barely misses you. x2
The deep troll bites you but does no damage.
The deep troll claws you.
* * * LOW HITPOINT WARNING * * *
The deep troll claws you but does no damage.
The deep troll bites you but does no damage.
The deep troll claws you.
* * * LOW HITPOINT WARNING * * *
The deep troll claws you but does no damage.
The deep troll bites you!
You die...

##'# #......# ... #......#
#.# #......#
####'##################'####
#.....................(.....
+.(......)..(...............
#.))).....?.................
#..)))....TT................
+..)).))..T@................
+.....########+#############
#.....# #....p# #...T(#
#...(.# ∆ ∆ ∆ ∆ #..(..#
#.(T..# ∆ ∆ ∆ #.....#


You could see 3 deep trolls.

Vanquished Creatures
  A kraken (Shoals:1)
  Frances (Shoals:1)
  Ilsuiw (Shoals:4)
  9 nagarajas
  5 vault wardens
  4 ironheart preservers
  5 merfolk javelineers
  Snorg (Lair:3)
  A minotaur (Shoals:3)
  2 fire dragons
  A merfolk impaler (Shoals:4)
  Fannar (Lair:3)
  5 ogre magi
  Harold (D:11)
  2 merfolk avatars
  2 vault guards (Vaults:1)
  6 hydras
  17 naga warriors
  An ice dragon (Vaults:1)
  3 centaur warriors
  A catoblepas (Lair:5)
  7 merfolk aquamancers
  10 anacondas
  5 satyrs
  Erica (Orc:1)
  2 dancing weapons (D:13)
  4 death knights
  A deep troll shaman (Vaults:2)
  2 deep troll earth magi (Vaults:1)
  2 orc high priests
  20 two-headed ogres
  3 tengu warriors
  5 shock serpents
  Urug (D:12)
  18 naga sharpshooters
  2 deep elf knights (Vaults:1)
  Nergalle (D:11)
  2 skeletal warriors (Volcano)
  5 salamander mystics
  The ghost of zero the Cleaver, a novice BaBe of Trog (D:8)
  9 sea snakes
  4 wizards
  3 ironbrand convokers (Vaults:1)
  6 naga ritualists
  8 unseen horrors
  4 deep trolls
  2 phantasmal warriors (D:13)
  An anaconda skeleton (Volcano)
  A deep elf archer (Vaults:1)
  A lindwurm (Lair:6)
  A wolf spider zombie (D:14)
  6 harpies
  5 orc knights
  A wolf spider (D:15)
  2 deep elf magi
  9 mana vipers
  6 manticores
  24 ugly things
  An orb spider (shapeshifter) (Vaults:1)
  20 fauns
  6 orc sorcerers
  10 cyclopes
  18 salamanders
  34 black mambas
  13 elephants
  13 merfolk sirens
  3 molten gargoyles (Lair:6)
  Maurice (D:12)
  2 water nymphs
  4 gargoyles
  2 guardian serpents
  Psyche (D:11)
  3 vault sentinels
  33 naga magi
  A torpor snail (Lair:5)
  5 spiny frogs
  4 rime drakes
  5 yaktaurs
  A komodo dragon (shapeshifter) (Vaults:1)
  A redback zombie (D:15)
  A freezing wraith (D:13)
  4 kobold demonologists
  7 komodo dragons
  36 merfolk
  7 wind drakes
  4 meliai (Shoals:3)
  9 trolls
  2 tengu conjurers
  3 hornets
  14 blink frogs
  A harpy skeleton (Volcano)
  8 dream sheep
  9 snapping turtles
  6 slime creatures (D:13)
  2 meliai zombies
  10 hippogriffs
  An alligator skeleton (Volcano)
  2 flying skulls (Volcano)
  14 water elementals
  Sigmund (D:4)
  A shadow (D:13)
  5 wyverns
  3 basilisks
  3 wraiths
  3 vampires
  38 yaks
  2 hungry ghosts
  3 steam dragons
  Menkaure (D:4)
  6 vampire mosquitoes
  49 nagas
  6 swamp worms (D:13)
  An acid dragon (D:10)
  3 wargs
  An acid dragon (shapeshifter) (D:15)
  2 soldier ants
  12 water moccasins
  9 porcupines
  4 hell hounds (Lair:6)
  28 orc warriors
  5 ice beasts
  2 black bears (D:10)
  4 sky beasts
  5 boggarts
  3 necrophages (D:9)
  An eye of draining (D:15)
  28 ogres
  15 wolves
  21 crocodiles
  11 centaurs
  14 big kobolds
  15 bullfrogs
  2 gnoll sergeants (D:12)
  A wyvern skeleton (D:8)
  A scorpion (D:7)
  5 killer bees (D:11)
  A troll skeleton (Volcano)
  12 wights
  3 electric eels (Lair:6)
  10 crimson imps
  5 centaur zombies
  5 lava snakes (Lair:6)
  A bullfrog zombie (D:9)
  3 bullfrog skeletons
  8 jellies
  13 orc priests
  8 hounds
  Crazy Yiuf (D:2)
  30 orc wizards
  3 centaur skeletons
  Jessica (D:2)
  9 worker ants
  2 iguanas
  A killer bee zombie (D:9)
  A naga skeleton (Volcano)
  3 hound skeletons
  Robin (D:2)
  A howler monkey zombie (D:6)
  A worker ant zombie (D:11)
  4 gnolls (D:7)
  15 adders
  2 river rats (Sewer)
  3 shadow imps
  4 oozes
  An adder skeleton (D:4)
  16 worms
  A dart slug (D:1)
  10 leopard geckos
  65 orcs
  7 bats
  5 giant cockroaches
  20 goblins
  11 hobgoblins
  17 jackals
  19 kobolds
  7 quokkas
  2 ball pythons
  2 frilled lizards
  A leopard gecko zombie (D:6)
  A quokka skeleton (D:8)
  A quokka zombie (D:7)
  12 rats
  5 plants (Shoals:4)
  2 tentacles (Shoals:1)
1246 creatures vanquished.

Vanquished Creatures (collateral kills)
  Nikola (Shoals:1)
  Donald (Orc:2)
  A fire dragon (Lair:6)
  3 hydras
  2 naga warriors
  A centaur warrior (Vaults:1)
  A merfolk aquamancer (Shoals:4)
  2 two-headed ogres (Vaults:1)
  A deep troll shaman (Vaults:1)
  A satyr (Shoals:4)
  A naga sharpshooter (Snake:1)
  A deep troll (Vaults:1)
  3 ironbrand convokers (Vaults:1)
  2 fauns
  A deep elf mage (Vaults:1)
  A manticore (Shoals:4)
  2 water nymphs (Shoals:4)
  3 naga magi
  4 yaktaurs (Vaults:1)
  A merfolk (Shoals:4)
  A yak (Lair:3)
  7 nagas
  A porcupine (D:11)
  3 orc warriors
  A black bear (D:11)
  2 ogres (Vaults:1)
  A wolf (D:11)
  A crocodile (D:11)
  A wyvern zombie (D:11)
  A jelly (D:11)
  2 orc priests (Orc:2)
  An orc wizard (Orc:2)
  A tentacle (Shoals:1)
56 creatures vanquished.

Vanquished Creatures (others)
  A sea snake (Shoals:1)
  A salamander (Snake:3)
  A merfolk (Shoals:1)
  A flying skull (Volcano)
  A naga (Snake:1)
  A boggart (Vaults:2)
  An orc priest (Orc:1)
  2 orc wizards (Orc:2)
  An orc (Orc:1)
  A quokka (D:6)
  A bush (Shoals:3)
  25 fungi
  73 plants
  8 tentacles (Shoals:1)
118 creatures vanquished.

Grand Total: 1420 creatures vanquished

Notes
Turn   | Place    | Note
-------+----------+-------------------------------------------
     0 | D:1      | Gorice the Gnoll Berserker began the quest for the Orb.
     0 | D:1      | Reached XP level 1. HP: 19/19 MP: 1/1
   178 | D:1      | Reached XP level 2. HP: 25/25 MP: 2/2
   306 | D:1      | HP: 7/25 [jackal (2)]
   308 | D:1      | HP: 3/25 [jackal (2)]
   311 | D:1      | Reached skill level 5 in Polearms
  1170 | D:1      | Reached ** piety under Trog
  1170 | D:1      | Reached XP level 3. HP: 30/30 MP: 3/3
  1582 | D:2      | Found a snail-covered altar of Cheibriados.
  1625 | D:2      | You fall through a shaft!
  1693 | D:2      | Noticed Robin
  1733 | D:3      | Reached skill level 6 in Polearms
  1878 | D:3      | Reached skill level 3 in Armour
  1878 | D:3      | Reached XP level 4. HP: 37/37 MP: 1/4
  2282 | D:2      | Reached *** piety under Trog
  2282 | D:2      | Reached XP level 5. HP: 37/42 MP: 5/5
  2529 | D:2      | Killed Robin
  2593 | D:2      | Reached skill level 7 in Polearms
  2679 | D:2      | Found a glowing golden altar of the Shining One.
  2804 | D:2      | Found a deep blue altar of Sif Muna.
  2931 | D:2      | Reached skill level 4 in Armour
  2933 | D:2      | Noticed Jessica
  2953 | D:2      | Killed Jessica
  3146 | D:2      | Found a runed door.
  3150 | D:2      | Noticed Crazy Yiuf
  3157 | D:2      | Killed Crazy Yiuf
  3515 | D:3      | Reached XP level 6. HP: 48/48 MP: 6/6
  3856 | D:3      | Found an ornate altar of the Wu Jian Council.
  4044 | D:3      | Found a burning altar of Makhleb.
  4044 | D:3      | Noticed a green death
  4302 | D:4      | Reached skill level 8 in Polearms
  4334 | D:4      | Noticed Menkaure
  4343 | D:4      | Killed Menkaure
  4343 | D:4      | Reached skill level 5 in Armour
  4411 | D:4      | Noticed Sigmund
  4429 | D:4      | Killed Sigmund
  4429 | D:4      | Reached skill level 9 in Polearms
  4429 | D:4      | Reached XP level 7. HP: 54/54 MP: 5/7
  5136 | D:5      | Entered Level 5 of the Dungeon
  5196 | D:5      | Found a hazy altar of Hepliaklqana.
  5210 | D:5      | Found a glowing drain.
  5279 | D:5      | Reached skill level 6 in Armour
  5308 | D:5      | Reached skill level 10 in Polearms
  5310 | Sewer    | Entered a sewer
  5334 | Sewer    | Reached **** piety under Trog
  5577 | Sewer    | Found a glowing silver altar of Zin.
  5755 | D:5      | Reached XP level 8. HP: 44/60 MP: 6/8
  5986 | D:5      | Reached skill level 7 in Armour
  6269 | D:5      | --+5 =prot - now you're talking!
  6906 | D:6      | Reached skill level 11 in Polearms
  6991 | D:6      | Found a staircase to the Ecumenical Temple.
  7000 | Temple   | Entered the Ecumenical Temple
  7117 | D:6      | Reached skill level 8 in Armour
  7839 | D:7      | Got a smoking whip
  7908 | D:7      | Reached skill level 9 in Armour
  8152 | D:7      | Reached XP level 9. HP: 60/65 MP: 9/9
  8211 | D:7      | Reached skill level 12 in Polearms
  8493 | D:7      | Identified the +0 whip of Doors {flame, +Blink Stlth+} (You found it on level 7 of the Dungeon)
  9074 | D:7      | Reached skill level 10 in Armour
  9625 | D:8      | Noticed Prince Ribbit
  9681 | D:8      | Noticed zero's ghost (novice BaBe)
  9728 | D:8      | Killed zero's ghost
  9728 | D:8      | Reached skill level 13 in Polearms
  9769 | D:8      | Reached skill level 11 in Armour
 10180 | D:8      | Reached XP level 10. HP: 59/71 MP: 8/10
 10262 | D:8      | Reached skill level 12 in Armour
 10289 | D:8      | Noticed a two-headed hydra
 10300 | D:8      | Killed a two-headed hydra
 10300 | D:8      | Reached skill level 14 in Polearms
 11013 | D:8      | Found a stormy altar of Qazlal.
 11118 | D:9      | Reached skill level 5 in Fighting
 11361 | D:9      | Reached ***** piety under Trog
 11391 | D:9      | Reached skill level 13 in Armour
 11496 | D:9      | Reached skill level 6 in Fighting
 11929 | D:9      | Reached skill level 7 in Fighting
 12199 | D:9      | Found a radiant altar of Vehumet.
 12416 | D:10     | Entered Level 10 of the Dungeon
 12475 | D:10     | Noticed an unseen horror
 12529 | D:10     | Killed an unseen horror
 12529 | D:10     | Reached skill level 8 in Fighting
 12529 | D:10     | Reached XP level 11. HP: 66/86 MP: 9/11
 12881 | D:10     | Reached skill level 14 in Armour
 13175 | D:10     | Noticed a cyclops
 13186 | D:10     | Killed a cyclops
 13399 | D:11     | Noticed a four-headed hydra
 13804 | D:11     | Killed a four-headed hydra
 13804 | D:11     | Reached skill level 9 in Fighting
 13804 | D:11     | Reached skill level 15 in Polearms
 13815 | D:11     | Found a staircase to the Lair.
 13857 | D:11     | Noticed Nergalle
 13866 | D:11     | Noticed Psyche
 13883 | D:11     | Killed Nergalle
 13888 | D:11     | Noticed an unseen horror
 13891 | D:11     | Killed Psyche
 13909 | D:11     | Killed an unseen horror
 14491 | D:11     | Noticed an unseen horror
 14500 | D:11     | Killed an unseen horror
 14500 | D:11     | Reached skill level 10 in Fighting
 14550 | D:11     | Noticed Harold
 14558 | D:11     | Reached skill level 15 in Armour
 14621 | D:11     | HP: 20/90 [Harold/bolt of fire (26)]
 14625 | D:11     | Killed Harold
 14915 | D:11     | Reached XP level 12. HP: 85/98 MP: 12/12
 15133 | Lair:1   | Entered Level 1 of the Lair of Beasts
 15226 | D:11     | Received a gift from Trog
 15226 | D:11     | Reached skill level 16 in Polearms
 15475 | Lair:1   | Noticed a four-headed hydra
 15495 | Lair:1   | Killed a four-headed hydra
 15495 | Lair:1   | Reached skill level 11 in Fighting
 15730 | Lair:1   | Got an encrusted leather armour
 16719 | Lair:2   | Reached skill level 16 in Armour
 16785 | Lair:2   | Noticed a five-headed hydra
 16816 | Lair:2   | Killed a five-headed hydra
 16823 | Lair:2   | Reached skill level 12 in Fighting
 17783 | Lair:3   | Noticed an eight-headed hydra
 17809 | Lair:3   | Killed a nine-headed hydra
 17809 | Lair:3   | Reached skill level 17 in Polearms
 17813 | Lair:3   | HP: 40/154 [rime drake/flash freeze (25)]
 18144 | Lair:3   | Reached XP level 13. HP: 104/109 MP: 11/13
 18398 | Lair:3   | Noticed Fannar
 18440 | Lair:3   | Killed Fannar
 18745 | Lair:3   | Noticed Snorg
 18757 | Lair:3   | Killed Snorg
 18764 | Lair:3   | Reached skill level 13 in Fighting
 19272 | Lair:3   | Found a staircase to the Shoals.
 19590 | Lair:4   | Reached skill level 17 in Armour
 19619 | Lair:4   | Reached ****** piety under Trog
 20347 | Lair:4   | Identified the +0 plate armour of Gestures {Str+4} (You found it on level 4 of the Lair of Beasts)
 20575 | Lair:4   | Found a staircase to the Snake Pit.
 21173 | Lair:5   | Reached skill level 18 in Polearms
 21744 | Lair:6   | Entered Level 6 of the Lair of Beasts
 21759 | Lair:6   | Received a gift from Trog
 21818 | Lair:6   | Reached skill level 14 in Fighting
 22241 | Lair:6   | Found a hide-covered altar of Uskayaw.
 22476 | Lair:6   | Found a runed door.
 22476 | Lair:6   | Found a viscous altar of Jiyva.
 22481 | Lair:6   | Found a staircase to the Slime Pits.
 23064 | Lair:6   | Reached XP level 14. HP: 80/121 MP: 10/14
 23619 | Lair:6   | Reached skill level 18 in Armour
 24053 | Lair:6   | Found a large runed door.
 24207 | Lair:6   | Reached skill level 15 in Fighting
 24376 | Lair:6   | Found a large runed door.
 25069 | D:12     | Noticed Urug
 25097 | D:12     | Killed Urug
 25496 | D:12     | Received a gift from Trog
 25614 | D:12     | Reached skill level 19 in Polearms
 26188 | D:12     | Found a staircase to the Orcish Mines.
 26701 | Orc:1    | Entered Level 1 of the Orcish Mines
 26701 | Orc:1    | Noticed Maurice
 26710 | D:12     | Killed Maurice
 26761 | D:12     | HP: 32/123 [warg (8)]
 27125 | Orc:1    | Noticed Erica
 27138 | Orc:1    | Killed Erica
 27230 | Orc:1    | Found a dark tunnel.
 27263 | Volcano  | Entered a volcano
 27272 | Volcano  | Received a gift from Trog
 28733 | Orc:2    | Entered Level 2 of the Orcish Mines
 28807 | Orc:2    | Found a staircase to the Elven Halls.
 28817 | Orc:2    | Noticed Donald
 28842 | Orc:2    | HP: 33/186 [Donald/scimitar of holy wrath (23)]
 28849 | Orc:2    | Killed Donald
 28849 | Orc:2    | Reached skill level 16 in Fighting
 28849 | Orc:2    | Reached skill level 19 in Armour
 28872 | Orc:2    | HP: 17/125 [orc knight/great sword (11)]
 28875 | Orc:2    | HP: 3/125 [orc warrior/halberd (14)]
 29432 | Orc:2    | Found a roughly hewn altar of Beogh.
 29528 | Orc:2    | Received a gift from Trog
 29595 | Orc:2    | Reached XP level 15. HP: 114/131 MP: 15/15
 30153 | Orc:2    | Found Hiddyon's Gadget Boutique.
 30153 | Orc:2    | Found Poan's Book Boutique.
 30153 | Orc:2    | Found Ysaiq's Magic Scroll Shop.
 30158 | Orc:2    | Found Vaiwkowa's Antique Weapon Shop.
 30162 | Orc:2    | Bought a manual of Polearms for 1545 gold pieces
 30733 | D:12     | Reached skill level 20 in Polearms
 30949 | D:13     | Received a gift from Trog
 30981 | D:13     | Found a gate to the Vaults.
 31267 | D:13     | Identified the Handbook of Enthralling Flight
 32361 | D:14     | Reached skill level 17 in Fighting
 32516 | D:14     | Reached skill level 21 in Polearms
 33362 | D:15     | Entered Level 15 of the Dungeon
 33386 | D:15     | HP: 58/201 [19-headed hydra (9)]
 33387 | D:15     | HP: 24/201 [20-headed hydra (9)]
 33976 | D:15     | Reached skill level 20 in Armour
 34280 | D:15     | Reached XP level 16. HP: 72/143 MP: 16/16
 34561 | D:15     | Received a gift from Trog
 34933 | D:15     | Reached skill level 22 in Polearms
 35272 | D:15     | Reached skill level 18 in Fighting
 35436 | D:15     | Found a blossoming altar of Fedhas.
 35702 | D:15     | Found a staircase to the Depths.
 36085 | Snake:1  | Entered Level 1 of the Snake Pit
 36153 | Snake:1  | Reached skill level 1 in Evocations
 36453 | Snake:1  | Reached skill level 2 in Evocations
 36743 | Snake:1  | Reached skill level 3 in Evocations
 37222 | Snake:1  | Reached skill level 4 in Evocations
 37223 | Snake:1  | Found Gohou's General Store.
 37231 | Snake:1  | Bought a potion of heal wounds for 85 gold pieces
 37343 | Snake:1  | Received a gift from Trog
 37427 | Snake:1  | Reached skill level 23 in Polearms
 37446 | Snake:1  | Reached skill level 21 in Armour
 37468 | Snake:1  | HP: 43/144 [naga/splash of poison (1)]
 37474 | Snake:1  | HP: 42/144 [poisoned by a naga (splash of poison)]
 37480 | Snake:1  | HP: 42/144 [poisoned by a naga (splash of poison)]
 37488 | Snake:1  | HP: 42/144 [poisoned by a naga (splash of poison)]
 37493 | Snake:1  | HP: 41/144 [poisoned by a naga (splash of poison)]
 38191 | Snake:1  | Reached skill level 5 in Evocations
 39106 | Snake:2  | Identified the +3 pair of boots of Pleasant Breezes {*Slow MP+9 Int+7 Dex-4} (You found it on level 2 of the Snake Pit)
 39544 | Snake:2  | Reached skill level 6 in Evocations
 40540 | Snake:3  | HP: 60/216 [black mamba (5)]
 40548 | Snake:3  | HP: 54/216 [poisoned by a naga (splash of poison)]
 40561 | Snake:3  | HP: 41/144 [poisoned by a naga mage (poison arrow)]
 40566 | Snake:3  | HP: 31/144 [poisoned by a naga (splash of poison)]
 40571 | Snake:2  | HP: 29/144 [poisoned by a naga (splash of poison)]
 40577 | Snake:2  | HP: 28/144 [poisoned by a naga (splash of poison)]
 40584 | Snake:2  | HP: 28/144 [poisoned by a naga (splash of poison)]
 40592 | Snake:2  | HP: 29/144 [poisoned by a naga (splash of poison)]
 40939 | Snake:3  | Reached skill level 7 in Evocations
 40962 | Snake:3  | Reached XP level 17. HP: 90/151 MP: 22/22
 42165 | Snake:3  | Reached skill level 8 in Evocations
 42189 | Snake:3  | Reached skill level 24 in Polearms
 43119 | Snake:3  | Reached skill level 9 in Evocations
 43760 | Snake:1  | Bought a scroll of recharging for 161 gold pieces
 44048 | Shoals:1 | Entered Level 1 of the Shoals
 44069 | Shoals:1 | HP: 42/151 [water elemental (6)]
 44074 | Lair:3   | HP: 22/226 [poisoned by a merfolk aquamancer]
 44079 | Lair:3   | HP: 11/151 [poisoned by a merfolk aquamancer]
 44084 | Lair:3   | HP: 9/151 [poisoned by a merfolk aquamancer]
 44089 | Lair:3   | HP: 8/151 [poisoned by a merfolk aquamancer]
 44095 | Lair:3   | HP: 9/151 [poisoned by a merfolk aquamancer]
 44630 | Shoals:1 | Received a gift from Trog
 45013 | Shoals:1 | Got a spiked chain mail
 45070 | Shoals:1 | Identified the +3 chain mail of the Solstice {Int+4} (You found it on level 1 of the Shoals)
 45183 | Shoals:1 | Reached skill level 22 in Armour
 45255 | Shoals:1 | Reached skill level 10 in Evocations
 45442 | Shoals:1 | Noticed Nikola
 45469 | Shoals:1 | Noticed Frances
 45474 | Shoals:1 | Killed Frances
 45494 | Shoals:1 | HP: 25/151 [Nikola/chain lightning (35)]
 45494 | Shoals:1 | HP: 11/151 [Nikola/chain lightning (14)]
 45499 | Shoals:1 | Noticed a kraken
 45503 | Shoals:1 | HP: 27/151 [drowned by a water nymph (13)]
 45924 | Shoals:1 | Killed Nikola
 45949 | Shoals:1 | Killed a kraken
 46422 | Shoals:2 | Found Cixzirorr's Assorted Antiques.
 46436 | Shoals:2 | Bought a glowing helmet for 285 gold pieces
 46436 | Shoals:2 | Bought a scroll labeled IGA CIOPHECZI for 38 gold pieces
 47139 | Shoals:2 | Upgraded the game from 0.21-a0-278-ga722497 to 0.21-a0-279-g6037ffb
 47181 | Shoals:2 | Reached skill level 11 in Evocations
 48081 | Shoals:3 | Found a hide-covered altar of Uskayaw.
 48103 | Shoals:3 | Reached XP level 18. HP: 156/159 MP: 26/26
 48657 | Shoals:3 | Reached skill level 19 in Fighting
 48942 | Shoals:3 | Found Zyuromo's General Store.
 48950 | Shoals:3 | Bought a potion of might for 68 gold pieces
 48950 | Shoals:3 | Bought a potion of curing for 51 gold pieces
 49267 | Lair:2   | Reached skill level 25 in Polearms
 49498 | Snake:4  | Entered Level 4 of the Snake Pit
 49565 | Snake:4  | HP: 46/160 [shock serpent/electric aura (17)]
 50280 | Snake:4  | Reached skill level 12 in Evocations
 50696 | Snake:4  | Found Ecwis's Book Emporium.
 50700 | Snake:4  | Found Voimaff's Magic Scroll Emporium.
 52252 | Snake:4  | Received a gift from Trog
 52458 | Snake:4  | Reached skill level 13 in Evocations
 53450 | Snake:4  | Reached skill level 20 in Fighting
 53820 | Snake:4  | Received a gift from Trog
 54034 | Snake:4  | Got a serpentine rune of Zot
 54063 | Snake:4  | --not a single guardian serpent on P4!
 54447 | Shoals:4 | Entered Level 4 of the Shoals
 54472 | Shoals:4 | HP: 47/162 [wind drake (5)]
 54905 | Shoals:3 | Reached XP level 19. HP: 150/169 MP: 29/29
 55239 | Shoals:3 | Reached skill level 14 in Evocations
 55372 | Shoals:4 | HP: 69/253 [satyr/sling bullet (12)]
 55379 | Shoals:4 | HP: 58/253 [satyr/sling bullet (13)]
 57007 | Shoals:4 | Received a gift from Trog
 57050 | Shoals:4 | Got a faintly glowing hand crossbow
 57061 | Shoals:4 | Identified the cursed +1 hand crossbow of Defenestration {flame, +Inv rElec Int+2 Dex+2} (You took it off a merfolk siren on level 4 of the Shoals)
 57267 | Shoals:4 | Reached skill level 26 in Polearms
 57287 | Shoals:4 | Noticed Ilsuiw
 57580 | Shoals:4 | Killed Ilsuiw
 57608 | Shoals:4 | Reached skill level 1 in Throwing
 57829 | Shoals:4 | HP: 50/170 [drowned by a water nymph (13)]
 58281 | Shoals:4 | Received a gift from Trog
 58281 | Shoals:4 | Reached skill level 2 in Throwing
 58335 | Shoals:4 | Found Bamakhlek's Magic Scroll Boutique.
 58781 | Shoals:4 | Reached skill level 3 in Throwing
 59329 | Shoals:4 | Got a barnacled rune of Zot
 59655 | Vaults:1 | Entered Level 1 of the Vaults
 59808 | D:13     | Reached skill level 15 in Evocations
 60118 | Vaults:1 | Reached skill level 4 in Throwing
 60377 | Vaults:1 | Reached skill level 21 in Fighting
 60380 | Vaults:1 | HP: 47/172 [centaur warrior/arrow (9)]
 60399 | Vaults:1 | Reached skill level 5 in Throwing
 60400 | Vaults:1 | HP: 47/172 [ogre/giant club (12)]
 60411 | Vaults:1 | Received a gift from Trog
 60801 | Vaults:1 | HP: 44/172 [ogre/giant club (10)]
 60805 | Vaults:1 | Reached skill level 6 in Throwing
 60808 | Vaults:1 | HP: 46/172 [centaur/arrow[a centaur warrior] (2)]
 62586 | Vaults:1 | Reached skill level 7 in Throwing
 62707 | Vaults:1 | HP: 42/172 [yaktaur[a vault warden] (13)]
 63160 | Vaults:1 | Found Sirousk's Antique Armour Boutique.
 63169 | Vaults:1 | Bought a pair of runed gloves for 232 gold pieces
 63169 | Vaults:1 | Bought a jewelled chain mail for 294 gold pieces
 63181 | Vaults:1 | Identified the +5 chain mail "Pidghag" {rElec rPois Str-5} (You bought it in a shop on level 1 of the Vaults)
 63247 | Vaults:1 | Received a gift from Trog
 63335 | Vaults:1 | Reached skill level 16 in Evocations
 63335 | Vaults:1 | Reached XP level 20. HP: 180/180 MP: 32/32
 64006 | Vaults:2 | Received a gift from Trog
 64016 | Vaults:2 | Reached skill level 8 in Throwing
 64508 | Vaults:2 | HP: 75/270 [deep troll[an ironheart preserver] (13)]
 64513 | Vaults:2 | HP: 33/180 [deep troll[an ironheart preserver] (6)]
 64514 | Vaults:2 | HP: 16/180 [deep troll[an ironheart preserver] (12)]
 64515 | Vaults:2 | Slain by a deep troll

Vault maps used:
D:1:      ncdulo_watergridlock
D:2:      marbit_many_paths, nicolae_tso_carved_into_rock, cheibriados_altar_1,
          first_bread, bh_walls_and_bars, uniq_crazy_yiuf_cottage, uniq_jessica,
          uniq_robin
D:3:      makhleb_altar_promises_db, nicolae_overflow_crystal_walls,
          serial_co_window_serial, co_window_paths_a, co_window_paths_a,
          co_window_corner_a, co_window_corner_a, co_window_paths_b,
          co_window_paths_a, co_window_unsneaky_path_d, co_window_corner_cb,
          co_window_broadway_b, co_window_corner_cb, glass_columns_a,
          glass_columns_b, glass_columns_a
D:4:      uniq_menkaure, uniq_sigmund
D:5:      lemuel_crystal_altar, portal_sewer_entry_a, kennysheep_generic_room_11
D:6:      minmay_temple_entry_poolview, lemuel_another_geyser
D:8:      basic_altar, hangedman_ranch, uniq_prince_ribbit1
D:9:      nicolae_overflow_hidden_temple, serial_undead, serial_undead_f,
          serial_undead_c, serial_undead_d, serial_undead_f
D:11:     minmay_lair_entry_grove, uniq_psyche, uniq_harold, uniq_nergalle
D:12:     kennysheep_orc_monster_closet_entryway, uniq_urug
D:13:     erik_vaults_1, worms_lemuel
D:14:     wad_river_or_something, amethyst_killhole
D:15:     grunt_enter_depths_magical_seal, fedhas_altar_3
Temple:   eino_wide_crystal_templ
Lair:1:   minmay_lair_oklob_tunnel
Lair:2:   minmay_lair_oklob_chamber
Lair:3:   elwin_shoals_entry_rooms, uniq_fannar, uniq_snorg
Lair:4:   dummy_snake_entry, grunt_megastairs_2
Lair:6:   cheibrodos_lair_end_hotspot, slime_altar_2, basic_altar,
          serial_bayou_lagoon_b
Shoals:1: uniq_nikola, uniq_frances
Shoals:2: serial_shops, nicolae_shop_competitors_out_of_business, ldierk_geyser
Shoals:3: serial_shops, shop_fountains, regret_index_shoals_crete
Shoals:4: shoals_end_grunt_garden, shoal_ilsuiw,
          portal_ice_cave_entry_pillars_2, serial_shops, shop
Snake:1:  nicolae_snake_hallway, serial_shops, shop
Snake:2:  serial_bayou_shore_b, grunt_megastairs_1, serial_bayou_shore_b
Snake:3:  serial_shops, bzr_entry_safe, st_stairs_4
Snake:4:  snake_pit, minmay_shop_star
Orc:1:    enter_volcano_4, nicolae_orc_bridge_out, uniq_erica, uniq_maurice
Orc:2:    st_orc_mages, basic_altar, uniq_donald
Vaults:1: ontoclasm_vaults_ring_small, hangedman_vaults_unwind,
          ontoclasm_vaults_decontamination, v_misc_27, v_misc_12,
          grunt_vaults_hallway_long, ontoclasm_vaults_claustrophobia,
          v_alt_pattern_1, v_misc_17, nicolae_vaults_little_squares_3,
          vaults_room_grunt_arrival_ludios, v_rooms_1, serial_shops,
          shop_fountains
Vaults:2: nicolae_vaults_know_your_exits, blue_anna_dwarven_crypt,
          grunt_vaults_diagonal, ontoclasm_vaults_spin,
          ontoclasm_vaults_gateway, nicolae_vaults_little_squares_6,
          v_alt_pattern_4, v_pattern_2, vaults_mumra_chevron, uniq_margery
Sewer:    sewer_kobolds
Volcano:  volcano_tomb

Skill      XL: |  1  2  3  4  5  6  7  8  9 10 11 12 13 14 15 16 17 18 19 20 |
---------------+-------------------------------------------------------------+-----
Polearms       | 5 6 7 9 10 11 13 14 15 17 18 19 21 23 24 25 26 | 26.0
Armour         | 3 4 5 6 9 11 13 15 16 17 19 20 21 22 | 22.0
Fighting       | 8 10 12 14 16 17 18 20 21 | 21.6
Evocations     | 7 11 13 16 | 16.3
Throwing       | 7 8 |  8.4
Dodging        | |  2.6

Action                   |  1- 3 |  4- 6 |  7- 9 | 10-12 | 13-15 | 16-18 | 19-21 || total
-------------------------+-------+-------+-------+-------+-------+-------+-------++-------
Melee: Spear             |   197 |   250 |   779 |       |       |       |       ||  1226
       Bite              |     4 |     8 |    34 |    57 |   110 |    78 |    50 ||   341
       Trident           |       |       |   248 |   873 |     6 |       |       ||  1127
       Halberd           |       |       |       |   495 |  1687 |   294 |       ||  2476
       Glaive            |       |       |       |       |   612 |       |       ||   612
       Bardiche          |       |       |       |       |       |  1718 |   891 ||  2609
 Fire: Blowgun           |       |       |       |       |       |     3 |       ||     3
Throw: Stone             |    29 |    16 |    41 |       |       |       |       ||    86
       Tomahawk          |       |       |       |    38 |     6 |     5 |       ||    49
       Javelin           |       |       |       |     3 |       |     2 |    20 ||    25
Invok: Berserk           |     2 |     6 |     6 |     9 |     6 |     3 |     7 ||    39
       Trog's Hand       |       |     1 |       |       |     1 |       |       ||     2
       Burn Spellbooks   |       |       |       |     2 |       |     1 |       ||     3
       Brothers in Arms  |       |       |       |     1 |     5 |    12 |     6 ||    24
 Abil: Evoke Blink       |       |       |       |       |     2 |       |     1 ||     3
Evoke: Wand              |       |       |       |     8 |       |    11 |       ||    19
  Use: Scroll            |     3 |     4 |    16 |     2 |    10 |    23 |     2 ||    60
       Potion            |       |       |       |     1 |     4 |     7 |     5 ||    17
 Stab: Paralysed         |       |       |       |       |       |    10 |       ||    10
       Distracted        |       |       |       |       |       |     2 |       ||     2
  Eat: Chunk             |     4 |    14 |    21 |    36 |    88 |    73 |    45 ||   281
       Royal jelly       |       |       |     1 |     3 |       |       |       ||     4
       Fruit             |       |       |     4 |     1 |       |       |       ||     5
Armor: Animal skin       |    16 |       |       |       |       |       |       ||    16
       Ring mail         |    25 |    61 |       |       |       |       |       ||    86
       Chain mail        |       |     7 |   290 |       |       |       |       ||   297
       Plate armour      |       |       |   131 |  1009 |  1770 |  1608 |   834 ||  5352
Dodge: Dodged            |    80 |    74 |    62 |    98 |   246 |   249 |   162 ||   971

Table legend:
 A = Spawn XP
 B = Non-spawn XP
 C = Spawn XP percentage of total XP
 D = Spawn monster count
 E = Non-spawn monster count
 F = Spawn count percentage of total count
 G = Total turns spent on level
                    A         B        C        D         E        F      G
               +---------+---------+-------+---------+---------+-------+---------
         Total |       0 |  415975 |   0.0 |       0 |    1299 |   0.0 | 64515
               +---------+---------+-------+---------+---------+-------+---------
           D:1 |       0 |      46 |   0.0 |       0 |      24 |   0.0 |  1582
           D:2 |       0 |     185 |   0.0 |       0 |      30 |   0.0 |  1124
           D:3 |       0 |     132 |   0.0 |       0 |      28 |   0.0 |  1532
           D:4 |       0 |     539 |   0.0 |       0 |      13 |   0.0 |   898
           D:5 |       0 |     398 |   0.0 |       0 |      27 |   0.0 |  1053
           D:6 |       0 |     888 |   0.0 |       0 |      17 |   0.0 |  1578
           D:7 |       0 |     776 |   0.0 |       0 |      24 |   0.0 |  1416
           D:8 |       0 |    3733 |   0.0 |       0 |      31 |   0.0 |  1665
           D:9 |       0 |    2420 |   0.0 |       0 |      23 |   0.0 |  1221
          D:10 |       0 |    2852 |   0.0 |       0 |      21 |   0.0 |  1256
          D:11 |       0 |    8537 |   0.0 |       0 |      53 |   0.0 |  1778
          D:12 |       0 |   11848 |   0.0 |       0 |      79 |   0.0 |  2482
          D:13 |       0 |   16204 |   0.0 |       0 |      62 |   0.0 |  2018
          D:14 |       0 |   15626 |   0.0 |       0 |      37 |   0.0 |  1870
          D:15 |       0 |   24816 |   0.0 |       0 |      55 |   0.0 |  1864
        Lair:1 |       0 |    4735 |   0.0 |       0 |      23 |   0.0 |  1836
        Lair:2 |       0 |    6325 |   0.0 |       0 |      24 |   0.0 |  1647
        Lair:3 |       0 |    8079 |   0.0 |       0 |      26 |   0.0 |  3014
        Lair:4 |       0 |    4838 |   0.0 |       0 |      27 |   0.0 |  1543
        Lair:5 |       0 |    4925 |   0.0 |       0 |      18 |   0.0 |  1072
        Lair:6 |       0 |   13943 |   0.0 |       0 |      51 |   0.0 |  2831
      Shoals:1 |       0 |   17501 |   0.0 |       0 |      29 |   0.0 |  1479
      Shoals:2 |       0 |   12914 |   0.0 |       0 |      31 |   0.0 |  1577
      Shoals:3 |       0 |   21314 |   0.0 |       0 |      45 |   0.0 |  3840
      Shoals:4 |       0 |   32239 |   0.0 |       0 |      65 |   0.0 |  2351
       Snake:1 |       0 |   23009 |   0.0 |       0 |      55 |   0.0 |  2390
       Snake:2 |       0 |   11402 |   0.0 |       0 |      21 |   0.0 |  3445
       Snake:3 |       0 |   29999 |   0.0 |       0 |      54 |   0.0 |  1784
       Snake:4 |       0 |   58863 |   0.0 |       0 |      94 |   0.0 |  4628
         Orc:1 |       0 |    5246 |   0.0 |       0 |      27 |   0.0 |   688
         Orc:2 |       0 |    8637 |   0.0 |       0 |      71 |   0.0 |  1554
      Vaults:1 |       0 |   43411 |   0.0 |       0 |      69 |   0.0 |  3205
      Vaults:2 |       0 |   15206 |   0.0 |       0 |      25 |   0.0 |   924
         Sewer |       0 |     129 |   0.0 |       0 |       8 |   0.0 |   347
       Volcano |       0 |    4260 |   0.0 |       0 |      12 |   0.0 |   951
               +---------+---------+-------+---------+---------+-------+---------

Table legend:
 A = Turns spent in this place as a percentage of turns spent in the entire game.
 B = Non-inter-level travel turns spent in this place as a percentage of non-inter-level travel turns spent in the entire game.
 C = Inter-level travel turns spent in this place as a percentage of turns spent in this place.
 D = Turns resting spent in this place as a percentage of non-inter-level travel turns spent in this place.
 E = Turns spent auto-exploring this place as a percentage of non-inter-level travel turns spent in this place.
 F = Non-inter-level travel turns spent in this place divided by the number of levels of this place that you've seen.
                   A       B       C       D       E      F
               +-------+-------+-------+-------+-------+----------------------
         Total | 100.0 | 100.0 |   5.6 |  40.1 |  25.7 | 1692.0
       Dungeon |  36.2 |  36.6 |   4.5 |  26.5 |  34.0 | 1485.6
        Temple |   0.1 |   0.1 |  29.2 |   0.0 |  96.1 |  51.0
          Lair |  18.5 |  17.2 |  12.2 |  39.9 |  29.7 | 1747.0
        Shoals |  14.3 |  14.5 |   4.2 |  53.2 |  13.0 | 2214.5
     Snake Pit |  19.0 |  19.1 |   4.9 |  52.7 |  21.9 | 2912.0
  Orcish Mines |   3.5 |   3.6 |   2.9 |  27.4 |  21.0 | 1088.0
        Vaults |   6.4 |   6.8 |   0.3 |  53.4 |  15.1 | 2057.5
         Sewer |   0.5 |   0.6 |   0.0 |  27.7 |   9.8 | 347.0
       Volcano |   1.5 |   1.6 |   0.0 |  59.3 |   8.2 | 951.0
               +-------+-------+-------+-------+-------+----------------------

Vault maps used:
D:1:      ncdulo_watergridlock
D:2:      marbit_many_paths, nicolae_tso_carved_into_rock, cheibriados_altar_1,
          first_bread, bh_walls_and_bars, uniq_crazy_yiuf_cottage, uniq_jessica,
          uniq_robin
D:3:      makhleb_altar_promises_db, nicolae_overflow_crystal_walls,
          serial_co_window_serial, co_window_paths_a, co_window_paths_a,
          co_window_corner_a, co_window_corner_a, co_window_paths_b,
          co_window_paths_a, co_window_unsneaky_path_d, co_window_corner_cb,
          co_window_broadway_b, co_window_corner_cb, glass_columns_a,
          glass_columns_b, glass_columns_a
D:4:      uniq_menkaure, uniq_sigmund
D:5:      lemuel_crystal_altar, portal_sewer_entry_a, kennysheep_generic_room_11
D:6:      minmay_temple_entry_poolview, lemuel_another_geyser
D:8:      basic_altar, hangedman_ranch, uniq_prince_ribbit1
D:9:      nicolae_overflow_hidden_temple, serial_undead, serial_undead_f,
          serial_undead_c, serial_undead_d, serial_undead_f
D:11:     minmay_lair_entry_grove, uniq_psyche, uniq_harold, uniq_nergalle
D:12:     kennysheep_orc_monster_closet_entryway, uniq_urug
D:13:     erik_vaults_1, worms_lemuel
D:14:     wad_river_or_something, amethyst_killhole
D:15:     grunt_enter_depths_magical_seal, fedhas_altar_3
Temple:   eino_wide_crystal_templ
Lair:1:   minmay_lair_oklob_tunnel
Lair:2:   minmay_lair_oklob_chamber
Lair:3:   elwin_shoals_entry_rooms, uniq_fannar, uniq_snorg
Lair:4:   dummy_snake_entry, grunt_megastairs_2
Lair:6:   cheibrodos_lair_end_hotspot, slime_altar_2, basic_altar,
          serial_bayou_lagoon_b
Shoals:1: uniq_nikola, uniq_frances
Shoals:2: serial_shops, nicolae_shop_competitors_out_of_business, ldierk_geyser
Shoals:3: serial_shops, shop_fountains, regret_index_shoals_crete
Shoals:4: shoals_end_grunt_garden, shoal_ilsuiw,
          portal_ice_cave_entry_pillars_2, serial_shops, shop
Snake:1:  nicolae_snake_hallway, serial_shops, shop
Snake:2:  serial_bayou_shore_b, grunt_megastairs_1, serial_bayou_shore_b
Snake:3:  serial_shops, bzr_entry_safe, st_stairs_4
Snake:4:  snake_pit, minmay_shop_star
Orc:1:    enter_volcano_4, nicolae_orc_bridge_out, uniq_erica, uniq_maurice
Orc:2:    st_orc_mages, basic_altar, uniq_donald
Vaults:1: ontoclasm_vaults_ring_small, hangedman_vaults_unwind,
          ontoclasm_vaults_decontamination, v_misc_27, v_misc_12,
          grunt_vaults_hallway_long, ontoclasm_vaults_claustrophobia,
          v_alt_pattern_1, v_misc_17, nicolae_vaults_little_squares_3,
          vaults_room_grunt_arrival_ludios, v_rooms_1, serial_shops,
          shop_fountains
Vaults:2: nicolae_vaults_know_your_exits, blue_anna_dwarven_crypt,
          grunt_vaults_diagonal, ontoclasm_vaults_spin,
          ontoclasm_vaults_gateway, nicolae_vaults_little_squares_6,
          v_alt_pattern_4, v_pattern_2, vaults_mumra_chevron, uniq_margery
Sewer:    sewer_kobolds
Volcano:  volcano_tomb
